 Dungeon Crawl Stone Soup version 0.29-a0-521-g59ce8b2d47 (webtiles) character file.

Game seed: 16321263668458595786

20 CrazyBamboolord the Grave Robber (level 2, -1/19 HPs)
             Began as a Mummy Necromancer on June 1, 2022.
             Slain by a black bear (4 damage)
             ... on level 2 of the Dungeon.
             The game lasted 00:02:11 (455 turns).

CrazyBamboolord the Grave Robber (Mummy Necromancer) Turns: 455, Time: 00:02:12

Health: -1/19      AC:  2    Str: 11    XL:     2   Next: 58%
Magic:  2/6        EV: 12    Int: 14    God:
Gold:   18         SH:  0    Dex: 12    Spells: 6/7 levels left

rFire   x . .      SeeInvis .   (no weapon)
rCold   + . .      Faith    .   (no shield)
rNeg    + + +      Spirit   .   a - +0 robe
rPois   ∞          Reflect  .   (no helmet)
rElec   .          Harm     .   (no cloak)
rCorr   .          Rampage  .   (no gloves)
Will    .....                   (no boots)
Stlth   ++........              b - amulet of regeneration
HPRegen 0.86/turn               (no ring)
MPRegen 0.10/turn               (no ring)

@: no status effects
A: cold resistance 1, negative energy resistance 3, torment resistance 2, heat
vulnerability 1, no potions
a: no special abilities


You were on level 2 of the Dungeon.
You visited 1 branch of the dungeon, and saw 2 of its levels.

You collected 18 gold pieces.

Inventory:

Armour
 a - a +0 robe (worn)
Jewellery
 b - an amulet of regeneration (around neck)
 d - a ring of willpower
Scrolls
 e - 2 scrolls of immolation


   Skills:
 * Level 1.8 Dodging
 + Level 1.6 Stealth
 * Level 3.1 Spellcasting
 * Level 4.3 Necromancy


You had 6 spell levels left.
You knew the following spells:

 Your Spells              Type           Power      Damage    Failure   Level
a - Necrotize             Necr           56%        1d6       3%          1

Your spell library contained the following spells:

 Spells                   Type           Power      Damage    Failure   Level
 Vampiric Draining        Necr           14%        2d7       11%         3
 Animate Dead             Necr           14%        N/A       34%         4
 Agony                    Necr           14%        N/A       67%         5


Dungeon Overview and Level Annotations

Branches:
Dungeon (1/15)

Altars:


Innate Abilities, Weirdness & Mutations

You are immune to poison.
Your flesh is cold resistant. (rC+)
You are immune to negative energy. (rN+++)
You are immune to unholy pain and torment.
You are vulnerable to heat. (rF-)
You do not drink.


Message History

You kill the rat!
The dead are walking!
Your frilled lizard skeleton crumbles into dust!
Your rat skeleton crumbles into dust!
A black bear comes into view.
A black bear is nearby!
Aiming: Necrotize (safe; 3% risk of failure)
Press: ? - help, Q - select action Shift-Dir - straight line, f - black bear
Aim: a black bear (asleep, chance to affect: 71%)
The black bear growls angrily.
The black bear writhes in agony.
You hear an angry hiss.
You hear a shout!
Aiming: Necrotize (safe; 3% risk of failure)
Press: ? - help, Q - select action Shift-Dir - straight line, f/p - black bear
Aim: a black bear (chance to affect: 71%)
The black bear writhes in agony.
Unknown command.
Aiming: Necrotize (safe; 3% risk of failure)
Press: ? - help, Q - select action Shift-Dir - straight line, f/p - black bear
Aim: a black bear (lightly wounded, chance to affect: 71%)
The black bear writhes in agony.
The black bear barely misses you. x3
Unknown command.
Aiming: Necrotize (safe; 3% risk of failure)
Press: ? - help, Q - select action Shift-Dir - straight line, f/p - black bear
Aim: a black bear (moderately wounded, chance to affect: 71%)
The black bear struggles to resist.
A ball python comes into view.
The black bear bites you. The black bear claws you. x2
The black bear attacks as you move away!
The black bear bites you.
* * * LOW HITPOINT WARNING * * *
The black bear claws you but does no damage.
The black bear claws you.
* * * LOW HITPOINT WARNING * * *
As you read the scroll labelled NAEBRA DEROZO, it crumbles to dust.
It is a scroll of identify.
e - 2 scrolls of immolation The black bear bites you.
You die...

#.........#.#
#####...[.....#.#
#.............#.#
#.###>........#.# #.#
#.........#.# #.#
#.........#.#
#.##.###...........#
#..Sh.######.#.###.#
#.###@.........# #.#
#. #........#.###.#
#.###.########.....#
####.....# ###.###
........###########.#
#######...[.........#
###############


You could see a black bear and a ball python.

Vanquished Creatures
  An adder (D:2)
  A worm (D:2)
  An endoplasm (D:2)
  A hobgoblin (D:2)
  A ball python (D:2)
  A bat (D:2)
  2 frilled lizards (D:2)
  A goblin (D:2)
  A rat (D:2)
10 creatures vanquished.

Notes
Turn   | Place    | Note
-------+----------+-------------------------------------------
     0 | D:1      | CrazyBamboolord the Mummy Necromancer began the quest for
                  | the Orb.
     0 | D:1      | Reached XP level 1. HP: 13/13 MP: 4/4
    12 | D:1      | You fall into a shaft and drop 1 floor!
    12 | D:2      | Found a faded altar of an unknown god.
   198 | D:2      | Reached XP level 2. HP: 19/19 MP: 0/5
   448 | D:2      | Noticed a black bear
   455 | D:2      | Slain by a black bear

Illustrated notes

Levels and vault maps discovered:
D:1:      dpeg_arrival_lava_altar, layout_basic, nrook_uturn
D:2:      layout_loops_ring, serial_shops, nicolae_shop_trees,
          ebering_ecumenical_altar_ruins

Skill      XL: |  1  2 |
---------------+-------+-----
Spellcasting   | 3 |  3.1
Dodging        | |  1.8
Stealth        | |  1.6
Necromancy     | |  4.3

Action                   || total
-------------------------++-------
Melee: Unarmed           ||     3
 Cast: Necrotize         ||    29
  Use: Scroll            ||     1
Armor: Robe              ||     3
Dodge: Dodged            ||     7

Table legend: (Time is in decaauts)
 A = Elapsed time spent in this place.
 B = Non-inter-level travel time spent in this place.
 C = Inter-level travel time spent in this place.
 D = Time resting spent in this place.
 E = Time spent auto-exploring this place.
 F = Levels seen in this place.
 G = Mean time per level.
                   A        B        C        D        E       F      G
               +--------+--------+--------+--------+--------+-----+--------+
         Total |    454 |    454 |      0 |     95 |    255 |   2 |  227.0 |
       Dungeon |    454 |    454 |      0 |     95 |    255 |   2 |  227.0 |
               +--------+--------+--------+--------+--------+-----+--------+

Top non-repeatable levels by time:
     D:2: 442 daAuts
     D:1: 12 daAuts
